 Dungeon Crawl Stone Soup version 0.29.0-7-g18a832c13a (webtiles) character file.

Game seed: 18304929584955180508

101 Tirrikindir the Ducker (level 4, 0/31 HPs)
             Began as an Octopode Fighter on Aug 30, 2022.
             Slain by a gnoll
             ... wielding a +1 halberd of freezing
              (4 damage)
             ... on level 2 of the Dungeon.
             The game lasted 00:05:02 (1288 turns).

Tirrikindir the Ducker (Octopode Fighter)           Turns: 1288, Time: 00:05:03

Health: 0/31       AC:  1    Str: 21    XL:     4   Next: 75%
Magic:  0/4        EV: 12    Int: 10    God:
Gold:   139        SH:  8    Dex: 13    Spells: 3/3 levels left

rFire   . . .      SeeInvis .   a - +0 long sword
rCold   . . .      Faith    .   d - +0 kite shield of the Countless Planets {rElec rCorr Stlth-}
rNeg    + . .      Spirit   +   (helmet restricted)
rPois   .          Reflect  .   h - amulet of guardian spirit
rElec   +          Harm     .   l - +6 ring of strength
rCorr   +          Rampage  .   j - ring of positive energy
Will    .....                   (no ring)
Stlth   ++........              (no ring)
HPRegen 0.10/turn               (no ring)
MPRegen 0.09/turn               (no ring)
                                (no ring)
                                (no ring)

@: no status effects
A: almost no armour, amphibious, 8 rings, camouflage 1, gelatinous body 1,
(nimble swimmer 1), tentacles
a: no special abilities


You were on level 2 of the Dungeon.
You visited 1 branch of the dungeon, and saw 2 of its levels.

You collected 139 gold pieces.

Inventory:

Hand Weapons
 a - a +0 long sword (weapon)
Armour
 d - the +0 kite shield of the Countless Planets (worn) {rElec rCorr Stlth-}
   (You acquired it on level 2 of the Dungeon)

   rElec:     It insulates you from electricity.
   rCorr:     It protects you from acid and corrosion.
   Stlth:     It makes you less stealthy.
Jewellery
 h - an amulet of guardian spirit (around mantle)
 j - a ring of positive energy (right tentacle)
 l - a +6 ring of strength (left tentacle)
Scrolls
 f - a scroll of immolation
 i - a scroll of teleportation {unknown}
 n - a scroll of noise {unknown}
Potions
 c - a potion of might
 g - 2 potions of brilliance
 k - a potion of attraction {unknown}


   Skills:
 + Level 3.4 Fighting
 * Level 3.1 Long Blades
 + Level 3.5 Dodging
 + Level 2.2 Stealth
 * Level 3.4 Shields


You had 3 spell levels left.
You didn't know any spells.
Your spell library contained the following spells:

 Spells                   Type           Power      Damage    Failure   Level
 Confusing Touch          Hex            0%         N/A       98%         3
 Yara's Violent Unravell  Hex/Tmut       0%         3d3       100%        5
 Enfeeble                 Hex            0%         N/A       100%        7
 Chain Lightning          Conj/Air       0%         N/A       100%        9
 Fire Storm               Conj/Fire      0%         5d1       100%        9
 Shatter                  Erth           0%         3d5*      100%        9


Dungeon Overview and Level Annotations

Branches:
Dungeon (2/15)

Altars:

Annotations:
D:2 Natasha


Innate Abilities, Weirdness & Mutations

You cannot wear most types of armour.
You are amphibious.
You can wear up to eight rings at the same time.
Your skin changes colour to match your surroundings (Stealth+).
Your rubbery body absorbs attacks. (AC +1, EV +1)
((You are camouflaged when in or above water. (Stealth+)))
You have tentacles for arms and can constrict up to eight enemies at once.


Message History

Press: ? - help, Q - select action Shift-Dir - straight line, f - gnoll
Aim: a gnoll, wielding a +0 whip and wearing a +0 chain mail (wandering, hasn't noticed you, 69% to hit)
You throw a poisoned dart. The poisoned dart hits the gnoll.
Unknown command.
Throw: 2 darts (poison)
Press: ? - help, Q - select action Shift-Dir - straight line, f/p - gnoll
Aim: a gnoll, wielding a +0 whip and wearing a +0 chain mail (69% to hit)
You throw a poisoned dart. The poisoned dart hits the gnoll.
Unknown command.
Throw: dart (poison)
Press: ? - help, Q - select action Shift-Dir - straight line, f/p - gnoll
Aim: a gnoll, wielding a +0 whip and wearing a +0 chain mail (69% to hit)
You throw a poisoned dart.
The poisoned dart barely misses the gnoll.
Natasha, Servant of Life and Death comes into view.
The gnoll closely misses you.
You slash the gnoll! Your grab misses the gnoll.
The gnoll is severely wounded.
The gnoll hits you with a +0 whip.
A gnoll comes into view. It is wielding a +0 flail.
The gnoll shouts!
You hit the gnoll.
You kill the gnoll!
You hear a shout!
You hear an angry hiss.
A gnoll comes into view.
It is wielding a +1 halberd of freezing.
Things that are here:
a +0 whip; a +0 chain mail; a gnoll corpse The gnoll attacks as you move away!
The gnoll hits you with a +0 flail! The gnoll attacks as you move away!
The gnoll hits you with a +0 flail!
You hit the gnoll. You grab the gnoll.
The gnoll is moderately wounded.
You constrict the gnoll. You block the gnoll's attack.
You hit the gnoll.
The gnoll is severely wounded.
You constrict the gnoll. The gnoll completely misses you.
You block the gnoll's attack.
The gnoll hits you from afar with a +1 halberd of freezing!
* * * LOW HITPOINT WARNING * * *
The gnoll freezes you.
You die...

### #.. #.# #.#
#.# # #@# .# #
#g###.#(#
###.g...(.#
#.†..).(###
#######.#######
. #.......####
.
.##.###......#
..#..
.......#.##.#
#...
.##.##....##.#


You could see 2 gnolls.

Vanquished Creatures
  Natasha (twice) (D:2)
  An adder (D:2)
  A gnoll (D:2)
  A worm (D:2)
  4 bats
  An endoplasm (D:1)
  4 goblins
  4 hobgoblins
  2 jackals (D:1)
  2 quokkas
  3 ball pythons
  2 frilled lizards (D:1)
  2 kobolds
  2 rats
31 creatures vanquished.

Vanquished Creatures (others)
  17 plants (D:2)
17 creatures vanquished.

Grand Total: 48 creatures vanquished

Notes
Turn   | Place    | Note
-------+----------+-------------------------------------------
     0 | D:1      | Tirrikindir the Octopode Fighter began the quest for the
                  | Orb.
     0 | D:1      | Reached XP level 1. HP: 16/16 MP: 1/1
   218 | D:1      | Reached XP level 2. HP: 12/21 MP: 2/2
   375 | D:1      | Reached skill level 1 in Stealth
   758 | D:2      | Reached XP level 3. HP: 14/26 MP: 1/3
   924 | D:2      | Found a faded altar of an unknown god.
   959 | D:2      | Noticed Natasha
   967 | D:2      | Killed Natasha
   968 | D:2      | Reached XP level 4. HP: 14/31 MP: 0/4
   989 | D:2      | Noticed Natasha
   996 | D:2      | Killed Natasha
  1189 | D:2      | Identified a scroll of acquirement
  1189 | D:2      | Acquired the +0 kite shield of the Countless Planets {rElec
                  | rCorr Stlth-}
  1278 | D:2      | Noticed Natasha
  1288 | D:2      | Slain by a gnoll

Illustrated notes

Levels and vault maps discovered:
D:1:      wander_arrival_estate, layout_rooms, hangedman_decor_peaks_small
D:2:      layout_loops_cross, shapermc_ecumenical_altar_totnotflames,
          nicolae_grassy_gnolls, uniq_crazy_yiuf_cottage, uniq_natasha

Skill      XL: |  1  2  3  4 |
---------------+-------------+-----
Stealth        | 1 2 |  2.2
Long Blades    | 3 |  3.1
Fighting       | |  3.4
Dodging        | |  3.5
Shields        | |  3.4

Action                   |  1- 3 |  4- 6 || total
-------------------------+-------+-------++-------
Melee: Long sword        |    48 |    19 ||    67
       Constrict         |    17 |     8 ||    25
       Tentacles         |     8 |     4 ||    12
Throw: Dart              |       |     5 ||     5
  Use: Scroll            |     2 |     3 ||     5
 Stab: Sleeping          |     2 |       ||     2
       Distracted        |       |     1 ||     1
Armor: Skin              |    11 |     1 ||    12
Dodge: Dodged            |    26 |    17 ||    43
Block: Buckler           |    13 |     1 ||    14
       Kite shield       |       |     5 ||     5
